 Dungeon Crawl Stone Soup version 0.17.0 (webtiles) character file.

147 Arexsocan the Covered (level 5, -1/42 HPs)
             Began as a Demonspawn Berserker on Nov 30, 2015.
             Was a Priest of Trog.
             Slain by an orc wizard
             ... wielding a +0 dagger
              (2 damage)
             ... on level 3 of the Dungeon.
             The game lasted 00:12:37 (1700 turns).

Arexsocan the Covered (Demonspawn Berserker)        Turns: 1700, Time: 00:12:38

Health: -1/42      AC:  7    Str: 18    XL:     5   Next: 8%
Magic:  0/5        EV: 10    Int:  8    God:    Trog [***...]
Gold:   59         SH:  0    Dex: 13    Spells: 0 memorised, 4 levels left

rFire  . . .     SeeInvis .     a - +0 spear
rCold  . . .     Clarity  .     d - +0 scale mail
rNeg   . . .     SustAt   .     (no shield)
rPois  .         Gourm    .     (no helmet)
rElec  .         Spirit   +     (no cloak)
rCorr  .         Warding  .     (no gloves)
rMut   .         Stasis   .     (no boots)
MR     .....                    (no amulet)
Stlth  ..........               (no ring)
                                (no ring)

@: not resistant to hostile enchantments, extremely unstealthy
A: hooves 1, magic shield
a: Berserk, Trog's Hand, Burn Spellbooks, Renounce Religion


You were on level 3 of the Dungeon.
You worshipped Trog.
Trog was most pleased with you.
You were very hungry.

You visited 1 branch of the dungeon, and saw 3 of its levels.

You collected 59 gold pieces.

Inventory:

Hand Weapons
 a - a +0 spear (weapon)
Missiles
 h - 4 stones (quivered)
Armour
 b - a +0 animal skin
 d - a +0 scale mail (worn)
Scrolls
 g - a scroll of remove curse {unknown}
 j - a scroll of enchant armour {unknown}
 k - 2 scrolls of identify {unknown}
 l - a scroll of amnesia {unknown}
 m - a scroll of enchant weapon {unknown}
 n - a scroll of recharging {unknown}
 o - a scroll of teleportation {unknown}
Potions
 e - a potion of brilliance {unknown}
 f - a potion of might {unknown}
 i - a potion of lignification {unknown}
Comestibles
 c - 2 bread rations


   Skills:
 + Level 3.7 Fighting
 + Level 3.4 Polearms
 * Level 3.7 Armour
 - Level 1.7 Dodging


You had 4 spell levels left.
You didn't know any spells.

Dungeon Overview and Level Annotations

Branches:
Dungeon (3/15)

Altars:


Innate Abilities, Weirdness & Mutations

You have large cloven feet.
When hurt, damage is shared between your health and your magic reserves.


Message History

Something hits you but does no damage.
You hit something but do no damage.
You hear some strange, mumbled words.
A puff of flame appears from out of thin air!
The puff of flame hits you!
* * * LOW HITPOINT WARNING * * *
You hit something but do no damage. You kick something.
Something hits you but does no damage. Something hits you.
* * * LOW HITPOINT WARNING * * *
You're too hungry to go berserk.
You closely miss something. Something hits you but does no damage.
You hit something but do no damage. Your kick misses something.
Something hits you.
* * * LOW HITPOINT WARNING * * *
You closely miss something. Something hits you.
* * * LOW HITPOINT WARNING * * *
Something hits you but does no damage.
You miss something. Something hits you but does no damage.
You miss something. You kick something. Something hits you.
You die...

........o.....†.†......
#....[.....#...........
#.#...#...##........... #
#..#######.......#... ##.
...###...#### ##
#######.###.########
#........b.().......
..#####.###{###...##
####...@(.# ### #.
##....##.÷.##.### #.
#...)..#.........
#####.###......#..#.###..
....................####
...###..#................
..# ##.#.###..##########
..#####...# #.##
.....##..##.>.#


There were no monsters in sight!

Vanquished Creatures
  An orc wizard (D:3)
  2 adders (D:2)
  4 gnolls (D:2)
  An ooze (D:2)
  A worm (D:3)
  2 orcs (D:3)
  4 ball pythons
  11 goblins
  5 hobgoblins
  3 jackals (D:2)
  7 bats
  A giant cockroach (D:1)
  A giant gecko (D:2)
  3 giant newts
  5 kobolds
  9 rats
60 creatures vanquished.

Notes
Turn   | Place    | Note
--------------------------------------------------------------
     0 | D:1      | Arexsocan the Demonspawn Berserker began the quest for the Orb.
     0 | D:1      | Reached XP level 1. HP: 18/18 MP: 1/1
   181 | D:1      | Gained mutation: You have large cloven feet. [demonic ancestry]
   181 | D:1      | Reached XP level 2. HP: 21/24 MP: 2/2
   279 | D:1      | Reached ** piety under Trog
   789 | D:2      | Reached XP level 3. HP: 25/29 MP: 3/3
  1002 | D:2      | Reached XP level 4. HP: 29/35 MP: 4/4
  1147 | D:2      | Reached *** piety under Trog
  1537 | D:3      | Gained mutation: When hurt, damage is shared between your health and your magic reserves. [demonic ancestry]
  1537 | D:3      | Reached XP level 5. HP: 9/42 MP: 5/5
  1698 | D:3      | HP: 1/42 [something (2)]
  1700 | D:3      | Slain by an orc wizard

Action                   |  1- 3 |  4- 6 || total
-------------------------+-------+-------++-------
Melee: Spear             |   170 |   113 ||   283
Throw: Stone             |     3 |     4 ||     7
Invok: Berserk           |     1 |     1 ||     2
  Eat: Chunk             |       |     4 ||     4
